 Dungeon Crawl Stone Soup version 0.29-a0-911-g88e6f02907 (webtiles) character file.

Game seed: 12409108955689287055

163 Hubjo the Insei (level 5, -3/41 HPs)
             Began as a Demonspawn Transmuter on July 25, 2022.
             Was a Believer of Fedhas.
             Slain by an ice beast (7 damage)
             ... on level 4 of the Dungeon.
             The game lasted 00:05:04 (3290 turns).

Hubjo the Insei (Demonspawn Transmuter)             Turns: 3290, Time: 00:05:10

Health: -3/41      AC:  4    Str: 10    XL:     5   Next: 20%
Magic:  9/9        EV: 12    Int: 17    God:    Fedhas [**....]
Gold:   152        SH:  0    Dex: 13    Spells: 8/9 levels left

rFire   . . .      SeeInvis .     - Unarmed
rCold   . . .      Faith    .   (no shield)
rNeg    . . .      Spirit   .   a - +0 robe
rPois   .          Reflect  .   (helmet restricted)
rElec   .          Harm     .   (no cloak)
rCorr   .          Rampage  .   (no gloves)
Will    .....                   (no boots)
Stlth   +.........              (no amulet)
HPRegen 0.13/turn               o - ring of flight
MPRegen 0.11/turn               (no ring)

@: flying
A: antennae 2, sharp scales 2
a: Renounce Religion, Wall of Briars


You were on level 4 of the Dungeon.
You worshipped Fedhas.
Fedhas was pleased with you.
You visited 1 branch of the dungeon, and saw 4 of its levels.

You collected 152 gold pieces.

Inventory:

Armour
 a - a +0 robe (worn)
Jewellery
 o - a ring of flight (left hand)
Scrolls
 c - 2 scrolls of identify {unknown}
 d - a scroll of blinking
 f - a scroll of immolation {unknown}
 h - a scroll of enchant weapon {unknown}
 j - a scroll of teleportation {unknown}
 k - a scroll of amnesia {unknown}
 n - a scroll of enchant armour {unknown}
 q - a scroll of poison {unknown}
 r - a scroll of torment {unknown}
Potions
 b - 5 potions of lignification
 e - a potion of berserk rage {unknown}
 g - 4 potions of curing {unknown}
 i - 3 potions of heal wounds {unknown}
 l - 2 potions of attraction {unknown}
 m - a potion of flight {unknown}
 p - a potion of magic {unknown}


   Skills:
 * Level 3.2 Fighting
 - Level 1.7 Dodging
 + Level 3.3 Unarmed Combat
 + Level 2.8 Spellcasting
 + Level 2.7 Transmutations


You had 8 spell levels left.
You knew the following spells:

 Your Spells              Type           Power      Damage    Failure   Level
a - Beastly Appendage     Tmut           22%        N/A       6%          1

Your spell library contained the following spells:

 Spells                   Type           Power      Damage    Failure   Level
 Wereblood                Tmut           11%        N/A       9%          2
 Summon Small Mammal      Summ           8%         N/A       19%         1
 Spider Form              Tmut/Pois      7%         N/A       30%         3
 Call Canine Familiar     Summ           2%         N/A       47%         3
 Summon Guardian Golem    Hex/Summ       2%         N/A       47%         3
 Ice Form                 Ice/Tmut       7%         N/A       71%         4


Dungeon Overview and Level Annotations

Branches:
Dungeon (4/15)             Temple (0/1) D:4

Altars:
Fedhas
Ru


Innate Abilities, Weirdness & Mutations

You have a pair of antennae on your head.
You are mostly covered in razor-sharp scales. (AC +2, Slay +2)


Message History

The ice beast barely misses you.
You barely miss the ice beast.
The ice beast is moderately wounded.
The ice beast hits you but does no damage.
You barely miss the ice beast. Your kick misses the ice beast.
The ice beast is moderately wounded.
The ice beast hits you. The ice beast freezes you.
You closely miss the ice beast.
The ice beast is moderately wounded.
The ice beast hits you but does no damage.
You hit the ice beast.
The ice beast is moderately wounded.
The ice beast hits you. The ice beast freezes you.
You hit the ice beast but do no damage. You claw the ice beast.
The ice beast is heavily wounded.
The ice beast hits you. The ice beast freezes you!
* * * LOW HITPOINT WARNING * * *
Blink to where?
Press: ? - help, Dir - move target
Okay, then.
Blink to where?
Press: ? - help, Dir - move target
As you read the scroll of blinking, it crumbles to dust.
Your transformation is almost over.
As you open the large door, it creaks loudly!
Found 8 gold pieces.
There is a large open door here.
Your talons disappear.
A goblin comes into view. It is wielding a +0 club.
Found 4 large rocks.
Found a book of the Wilderness.
You barely miss the goblin. The goblin closely misses you.
You hit the goblin.
You kill the goblin!
Fedhas appreciates your contribution to the ecosystem.
The ice beast hits you.
* * * LOW HITPOINT WARNING * * *
The ice beast freezes you!
You die...
Fedhas appreciates your contribution to the ecosystem.

##########
##........##
##..........##
##............##
##..............##
#................##
..(...)@Y.........#
......♣♣♣♣♣♣..$...#
....: ♣......###
.... ♣......'.# ...
♣......'.# . ..
♣......#.###. .
♣......#...#.
........#.....
........##.....


You could see an ice beast.

Vanquished Creatures
  An ogre (D:2)
  2 adders (D:2)
  2 worms (D:2)
  2 dart slugs
  2 orcs
  5 ball pythons
  2 endoplasms
  2 giant cockroaches
  6 goblins
  2 hobgoblins (D:1)
  4 jackals (D:2)
  5 kobolds
  A quokka (D:3)
  2 bats (D:2)
  A frilled lizard (D:3)
  6 rats
45 creatures vanquished.

Notes
Turn   | Place    | Note
-------+----------+-------------------------------------------
     0 | D:1      | Hubjo the Demonspawn Transmuter began the quest for the
                  | Orb.
     0 | D:1      | Reached XP level 1. HP: 15/15 MP: 3/3
   194 | D:1      | Found a faded altar of an unknown god.
   210 | D:1      | Prayed at the altar of an unknown god.
   210 | D:1      | Became a worshipper of Fedhas Madash
   210 | D:1      | Reached * piety under Fedhas
   773 | D:1      | Gained mutation: You are partially covered in razor-sharp
                  | scales. (AC +1, Slay +1) [demonic ancestry]
   773 | D:1      | Reached XP level 2. HP: 14/21 MP: 3/5
  1398 | D:2      | Gained mutation: You have a pair of small antennae on your
                  | head. [demonic ancestry]
  1398 | D:2      | Reached XP level 3. HP: 22/27 MP: 6/6
  1876 | D:2      | Noticed an ogre
  1886 | D:2      | Killed an ogre
  1887 | D:2      | Gained mutation: You have a pair of antennae on your head.
                  | [demonic ancestry]
  1887 | D:2      | Reached XP level 4. HP: 28/35 MP: 5/8
  1949 | D:2      | Gained mutation: You are mostly covered in razor-sharp
                  | scales. (AC +2, Slay +2) [demonic ancestry]
  1949 | D:2      | Reached XP level 5. HP: 41/41 MP: 9/9
  2142 | D:2      | Reached ** piety under Fedhas
  2542 | D:3      | Found a sacrificial altar of Ru.
  3223 | D:4      | Found a staircase to the Ecumenical Temple.
  3251 | D:4      | Noticed an ice beast
  3290 | D:4      | Slain by an ice beast

Illustrated notes

Levels and vault maps discovered:
D:1:      ncdulo_watergridlock, layout_loops_ring,
          hellmonk_ecumenical_altar_run_dry, minmay_fountain_box
D:2:      wander_river, layout_loops_cross, basic_altar, dreamdust_wishing_well,
          chequers_serial_rivers_micro_b, minmay_heptomino_l4
D:3:      layout_basic, hangedman_ru_absence, serial_aquarium,
          aquarium_bridge_long_joined [aquarium_subvault_bridge,
          aquarium_subvault_bridge, aquarium_subvault_balcony,
          aquarium_subvault_balcony, aquarium_subvault_balcony,
          aquarium_subvault_window], aquarium_window_3, aquarium_window_1,
          aquarium_window_fake, aquarium_window_1, aquarium_view_2g,
          aquarium_view_2c, aquarium_balcony_double_1
D:4:      layout_cave_pools, minmay_temple_entry_slanted,
          kennysheep_big_empty_room, kennysheep_cross_room, uniq_edmund,
          uniq_eustachio

Skill      XL: |  1  2  3 |
---------------+----------+-----
Transmutations | 2 |  2.7
Fighting       | 2 3 |  3.2
Unarmed Combat | 3 |  3.3
Dodging        | |  1.7
Spellcasting   | |  2.8

Action                   |  1- 3 |  4- 6 || total
-------------------------+-------+-------++-------
Melee: Unarmed           |    78 |    53 ||   131
       Kick              |     9 |    18 ||    27
       Headbutt          |     4 |       ||     4
       Punch             |     2 |       ||     2
 Cast: Beastly Appendage |    22 |    21 ||    43
  Use: Scroll            |     1 |     1 ||     2
 Stab: Sleeping          |     1 |       ||     1
Armor: Robe              |    11 |    14 ||    25
Dodge: Dodged            |    45 |    29 ||    74

Table legend: (Time is in decaauts)
 A = Elapsed time spent in this place.
 B = Non-inter-level travel time spent in this place.
 C = Inter-level travel time spent in this place.
 D = Time resting spent in this place.
 E = Time spent auto-exploring this place.
 F = Levels seen in this place.
 G = Mean time per level.
                   A        B        C        D        E       F      G
               +--------+--------+--------+--------+--------+-----+--------+
         Total |   3297 |   3158 |    139 |      0 |   2734 |   4 |  824.2 |
       Dungeon |   3297 |   3158 |    139 |      0 |   2734 |   4 |  824.2 |
               +--------+--------+--------+--------+--------+-----+--------+

Top non-repeatable levels by time:
     D:2: 1211 daAuts
     D:1: 1068 daAuts
     D:3: 912 daAuts
     D:4: 104 daAuts
